 Dungeon Crawl Stone Soup version 0.30-a0-782-ge64f9170bb (webtiles) character file.

Game seed: 16530706040565944925

39 DavidChitty2 the Covered (level 3, 33/33 HPs)
             Began as an Armataur Fighter on Mar 14, 2023.
             Quit the game on level 2 of the Dungeon.
             The game lasted 00:01:32 (1131 turns).

DavidChitty2 the Covered (Armataur Fighter)         Turns: 1131, Time: 00:01:32

Health: 33/33      AC:  7    Str: 23    XL:     3   Next: 26%
Magic:  3/3        EV:  7    Int:  8    God:
Gold:   124        SH:  4    Dex:  9    Spells: 2/2 levels left

rFire   . . .      SeeInvis .    a - +0 flail
rCold   . . .      Faith    .    c - +0 buckler
rNeg    . . .      Spirit   .    b - +0 scale mail
rPois   .          Reflect  .    (no helmet)
rElec   .          Harm     .    (no cloak)
rCorr   .          Roll     +    (no gloves)
Will    .....                    (no barding) Stlth
                                 (no amulet)
HPRegen 0.25/turn                (no ring)
MPRegen 0.08/turn                (no ring)

@: no status effects
A: large, rugged brown scales 3, deformed body, armoured tail, roll, long
tongue, awkward tongue
a: no special abilities


You were on level 2 of the Dungeon.
You visited 1 branch of the dungeon, and saw 2 of its levels.

You collected 124 gold pieces.

Inventory:

Hand Weapons
 a - a +0 flail (weapon)
Armour
 b - a +0 scale mail (worn)
 c - a +0 buckler (worn)
Wands
 k - a wand of polymorph (6)
   (You found it on level 2 of the Dungeon)
Scrolls
 e - a scroll of enchant armour {unknown}
 g - 2 scrolls of identify {unknown}
 i - 3 scrolls of poison {unknown}
Potions
 d - a potion of might
 f - a potion of curing {unknown}
 h - a potion of invisibility {unknown}
 j - a potion of heal wounds {unknown}


   Skills:
 + Level 3.0 Fighting
 * Level 2.5 Maces & Flails
 + Level 4.0 Armour
 + Level 3.6 Shields


You had 2 spell levels left.
You didn't know any spells.
Your spell library was empty.

Dungeon Overview and Level Annotations

Branches:
Dungeon (2/15)

Altars:


Innate Abilities, Weirdness & Mutations

You are completely covered in rugged brown scales. (AC +3, +7% HP)
Armour fits poorly on your strangely shaped body.
You have a long armoured tail.
You roll when moving toward enemies. (Rampage)
Your long tongue fully drains potion bottles. (2x potion effects)
Your tongue gives you trouble enunciating. (1.5x scroll delay)


Message History

A goblin comes into view. It is wielding a +0 dagger.
The goblin shouts!
A goblin is nearby!
You roll towards the goblin!
Found a scroll labelled KEKEAKI MYCROTEMI.
You roll towards the goblin!
The goblin hits you but does no damage.
You hit the goblin. You block the goblin's attack.
You barely miss the goblin.
Your tail-slap misses the goblin.
The goblin hits you with a +0 dagger.
You closely miss the goblin. The goblin hits you with a +0 dagger.
The goblin hits you but does no damage.
You closely miss the goblin. The goblin hits you with a +0 dagger.
You hit the goblin.
You kill the goblin!
You have reached level 3!
Your experience leads to an increase in your attributes!
Increase (S)trength, (I)ntelligence, or (D)exterity?
You feel stronger. x2
You see here a +0 dagger.
i - 3 scrolls labelled KEKEAKI MYCROTEMI (gained 1)
Found a forked lead wand.
Found a stone staircase leading up.
k - a wand of polymorph (6)
An adder comes into view.
Found a stone staircase leading down.
The adder hisses angrily.
A rat comes into view.
You roll towards the adder!
Found 4 gold pieces.
You block the adder's attack.
You thump the adder! The adder bites you but does no damage.
You block the adder's attack.
You hit the adder.
You kill the adder!
The rat barely misses you. The rat bites you but does no damage.
Your Fighting skill increases to level 3!
Your Armour skill increases to level 4!
You completely miss the rat. The rat closely misses you.
You closely miss the rat. The rat barely misses you.
You sock the rat!
You kill the rat!
No target in view!
No target in view!
No target in view!
No target in view!
No target in view!
No target in view!
No target in view!
No target in view!
No target in view!
No target in view!
No target in view!

$ #..## #...#
#.#># #.#.## #
#.... . ##††#
# ####..@## +
+.......# #
####...##### #
#..<.....# ##
#........# .#
#.##..##.# ##
#+# #.###.##.#
# #.# ####.#
#.##.# #.#
##.##.###.##.#


There were no monsters in sight!

Vanquished Creatures
  An adder (D:2)
  2 ball pythons
  3 giant cockroaches (D:1)
  3 goblins (D:2)
  4 hobgoblins
  4 jackals (D:1)
  A quokka (D:1)
  2 bats (D:1)
  2 kobolds (D:1)
  4 rats
26 creatures vanquished.

Notes
Turn   | Place    | Note
-------+----------+-------------------------------------------
     0 | D:1      | DavidChitty2 the Armataur Fighter began the quest for the
                  | Orb.
     0 | D:1      | Reached XP level 1. HP: 19/19 MP: 1/1
   226 | D:1      | Reached XP level 2. HP: 26/26 MP: 2/2
  1066 | D:2      | Reached XP level 3. HP: 25/32 MP: 3/3
  1128 | D:2      | Reached skill level 4 in Armour
  1131 | D:2      | Quit the game

Illustrated notes

Levels and vault maps discovered:
D:1:      dpeg_arrival_concentric_ovals, layout_basic
D:2:      layout_loops_corners, st_stairs_13

Skill      XL: |  1  2  3 |
---------------+----------+-----
Maces & Flails | 2 |  2.5
Fighting       | 3 |  3.0
Armour         | 4 |  4.0
Shields        | |  3.6

Action                     || total
---------------------------++-------
  Melee: Flail             ||    70
         Tailslap          ||     1
 Armour: Scale mail        ||    33
  Dodge: Dodged            ||    22
  Block: Buckler           ||    13

Table legend: (Time is in decaauts)
 A = Elapsed time spent in this place.
 B = Non-inter-level travel time spent in this place.
 C = Inter-level travel time spent in this place.
 D = Time resting spent in this place.
 E = Time spent auto-exploring this place.
 F = Levels seen in this place.
 G = Mean time per level.
                   A        B        C        D        E       F      G
               +--------+--------+--------+--------+--------+-----+--------+
         Total |   1153 |   1115 |     38 |      0 |    916 |   2 |  576.5 |
       Dungeon |   1153 |   1115 |     38 |      0 |    916 |   2 |  576.5 |
               +--------+--------+--------+--------+--------+-----+--------+

Top non-repeatable levels by time:
     D:1: 895 daAuts
     D:2: 257 daAuts
